 Dungeon Crawl Stone Soup version 0.19.5 (webtiles) character file.

661255 XMarksTheSpot the Merfolkian Porcupine (level 27, -31/186 HPs)
             Began as a Merfolk Gladiator on May 17, 2017.
             Was the Champion of Dithmenos.
             Killed from afar by a quicksilver dragon (48 damage)
             ... with a bolt of dispelling energy
             ... on level 3 of the Abyss on May 19, 2017.
             The game lasted 08:56:55 (82925 turns).

XMarksTheSpot the Merfolkian Porcupine (MfGl)      Turns: 82925, Time: 08:57:15

Health: -31/186    AC: 28    Str: 20    XL:     27
Magic:  31/33      EV: 23    Int: 11    God:    Dithmenos [******]
Gold:   4467       SH: 22    Dex: 21    Spells: 3 memorised, 42 levels left

rFire  + + +     SeeInvis +     l - +9 demon trident (freeze)
rCold  + + .     Gourm    .     p - +5 fire dragon scales
rNeg   . . .     Faith    .     t - +4 shield {reflect}
rPois  +         Spirit   .     d - +2 helmet "Egugg" {rF- Int+4 SInv}
rElec  +         Reflect  +     m - +1 cloak "Aner" {MR+ SInv}
rCorr  .         Harm     +     (gloves unavailable)
MR     ++++.     Rnd*Rage +     I - +2 pair of boots {Fly}
Stlth  ++++++++.. Rnd*Tele +    A - amulet of harm
                                O - ring "Toan" {rPois rF+ rC+++ Stlth-}
                                V - ring "Xutry" {+Fly rElec rF+ MR+ Stlth-}

@: wreathed by umbra
A: change form in water, swift swim, stealthy swim, claws 3, yellow scales 1,
berserk 1, clumsy 2, deterioration 2, frail 2, low mp 1, slow regeneration 2,
strong 1, teleportitis 1, subdued magic 1
a: Shadow Step, Shadow Form, Renounce Religion, Evoke Flight
}: 4/15 runes: serpentine, barnacled, silver, abyssal


You were on level 3 of the Abyss.
You worshipped Dithmenos.
Dithmenos was exalted by your worship.
You were not hungry.

You visited 11 branches of the dungeon, and saw 50 of its levels.
You visited the Abyss 6 times.
You visited 1 bazaar.
You also visited: Labyrinth, Sewer, Ice Cave and Volcano.

You collected 8377 gold pieces.
You spent 3910 gold pieces at shops.

Inventory:

Hand Weapons
 l - a +9 demon trident of freezing (weapon)
Missiles
 a - 12 javelins of returning (quivered)
Armour
 d - the +2 helmet "Egugg" (worn) {rF- Int+4 SInv}
   (You found it on level 5 of the Vaults)

   It affects your intelligence (+4).
   It makes you vulnerable to fire.
   It lets you see invisible.
 m - the +1 cloak "Aner" (worn) {MR+ SInv}
   (You acquired it on level 1 of the Abyss)

   It affects your resistance to hostile enchantments.
   It lets you see invisible.
 p - +5 fire dragon scales (worn)
 t - a +4 shield of reflection (worn)
 v - a +2 pair of gloves of strength
 z - the +0 cloak "Haset" {rN++ rCorr Str+4 Int-5}
   (You bought it in a shop on level 2 of the Orcish Mines)

   It affects your strength (+4).
   It affects your intelligence (-5).
   It greatly protects you from negative energy.
   It protects you from acid and corrosion.
 I - a +2 pair of boots of flying (worn)
Jewellery
 h - the ring of Girypp {rPois Dex+4 SInv, unknown}
   (You found it on level 3 of the Abyss)

   [ring of dexterity]

   It affects your dexterity (+4).
   It protects you from poison.
   It lets you see invisible.
 A - an amulet of harm (around neck)
 O - the ring "Toan" (right claw) {rPois rF+ rC+++ Stlth-}
   (You found it on level 1 of the Depths)

   [ring of loudness]

   It protects you from fire.
   It renders you almost immune to cold.
   It protects you from poison.
   It makes you less stealthy.
 V - the ring "Xutry" (left claw) {+Fly rElec rF+ MR+ Stlth-}
   (You took it off a merfolk on level 4 of the Shoals)

   [ring of loudness]

   It protects you from fire.
   It insulates you from electricity.
   It affects your resistance to hostile enchantments.
   It lets you fly.
   It makes you less stealthy.
Wands
 g - a wand of digging (9/24)
 G - a wand of heal wounds (0/9)
 H - a wand of lightning (5/15)
 M - a wand of hasting (4/9)
 P - a wand of teleportation (4/9)
Scrolls
 c - a scroll of identify
 i - 6 scrolls of teleportation
 o - 6 scrolls of blinking
 B - 29 scrolls of remove curse
 F - 12 scrolls of fear
 J - 8 scrolls of fog
 K - 2 scrolls of magic mapping
 N - a scroll of silence
 X - a scroll of summoning
Potions
 e - 3 potions of cancellation
 j - a potion of haste
 k - 8 potions of agility
 n - a potion of ambrosia
 r - a potion of mutation
 s - 9 potions of lignification
 u - 14 potions of curing
 w - 4 potions of berserk rage
 C - 10 potions of might
 D - 2 potions of flight
 E - 4 potions of resistance
 T - a potion of heal wounds
Miscellaneous
 Q - a phial of floods
Comestibles
 b - 5 chunks of flesh
 f - 8 bread rations
 q - 17 meat rations


   Skills:
 + Level 22.4 Fighting
 O Level 27 Polearms
 + Level 5.6 Throwing
 + Level 10.9 Armour
 + Level 17.5 Dodging
 + Level 19.7 Stealth
 + Level 22.9 Shields
 + Level 10.7 Spellcasting
 + Level 10.0 Hexes
 + Level 8.0 Translocations
 + Level 10.0 Ice Magic
 + Level 11.3 Invocations
 + Level 2.1 Evocations


You had 42 spell levels left.
You knew the following spells:

 Your Spells              Type           Power        Failure   Level  Hunger
b - Ensorcelled Hibernat  Hex/Ice        ###...       1%          2    None
k - Blink                 Tloc           N/A          1%          2    None
p - Apportation           Tloc           ###.......   1%          1    None


Dungeon Overview and Level Annotations

Branches:
Dungeon (15/15)            Temple (1/1) D:5            Lair (6/6) D:8
 Shoals (4/4) Lair:4        Snake (4/4) Lair:4        Slime (5/5) Lair:6
    Orc (2/2) D:11            Elf (3/3) Orc:2        Vaults (5/5) D:14
  Crypt (0/3) Vaults:3     Depths (4/5) D:15           Hell (1/1)
    Dis: Hell:1         Geh: Hell:1         Coc: Hell:1         Tar: Hell:1

Altars:
Ashenzari
Cheibriados
Dithmenos
Fedhas
Gozag
Hepliaklqana
Kikubaaqudgha
Makhleb
Okawaru
Qazlal
Ru
Trog
Yredelemnul
Beogh
Jiyva

Shops:
D:10 !   D:11 (   D:13 [   Orc:2 ![*:   Snake:1 :[}%:}*   Vaults:2 }((*

Portals:
Hell: Depths:1 Depths:2
Abyss: Depths:1 Depths:2
Ziggurat: Depths:4
Trove: D:15 (give 10 potions of heal wounds)

Annotations:
Slime:5 Royal Jelly
Depths:3 Asterion
Hell Geryon


Innate Abilities, Weirdness & Mutations

You revert to your normal form in water.
You are very nimble and swift while swimming.
You are very stealthy in the water. (Stealth+)
You have claws for hands.
You are partially covered in yellow scales. (AC +2)
You tend to lose your temper in combat.
You are very clumsy. (Dex -4)
Your magical capacity is low. (-10% MP)
Your muscles are strong. (Str +2)
You are occasionally teleported next to monsters.
Your spells are a little easier to cast, but a little less powerful.
[Your body often deteriorates upon taking damage.]
[You are very frail. (-20% HP)]
[You do not regenerate when monsters are visible.]


Message History

Save game and exit?
Welcome back, XMarksTheSpot the Merfolk Gladiator.
Dithmenos says: Spread the eternal night.
Press ? for a list of commands and other information.
Cast which spell? (? or * to list)
You blink.
A glowing orange brain comes into view.
Tentacles burst from the starspawn's body!
The wretched star pulses with an eldritch light!
You feel frail. x2; You feel yourself wasting away.
You feel your body start to fall apart.
The glowing orange brain pulsates. 2 starspawn tentacles come into view.
As you read the scroll of teleportation, it crumbles to dust.
You feel strangely unstable.
You feel the power of the Abyss delaying your translocation!
The quicksilver dragon breathes dispelling energy at you.
The bolt of dispelling energy hits you!
You feel strangely stable.
You die...

...... ...... ##
#....G . .#.#...##
.. .#.....#...
..........
#.........
#@........
#.....#.. ##
##.#...##
##.###.D......#..
#..##D##.........
#..#D###. ........
#*X.XX...........
#..x.X......#....
#.#.##.##...###...


You could see a quicksilver dragon, 2 tentacled starspawn and a glowing orange
brain.

Vanquished Creatures
  3 ancient liches
  Vashnia (Snake:4)
  The ghost of DwarfAlpaca the Party-goer, a legendary VSFi of Uskayaw (Slime:5)
  Saint Roka (Elf:3)
  3 golden dragons
  10 bone dragons
  2 profane servitors
  Rupert (D:14)
  3 hellephants
  13 liches
  6 tentacled monstrosities
  A Hell Sentinel (Elf:3)
  5 titans (Vaults:5)
  A quicksilver dragon (Vaults:5)
  5 deep elf blademasters
  A sphinx (Vaults:3)
  2 krakens (Shoals:2)
  2 deep elf master archers (Elf:3)
  18 tentacled starspawn
  Polyphemus (Shoals:2)
  A thorn hunter (Abyss:3)
  29 acid blobs
  5 storm dragons
  The ghost of Agorwal the Executioner, an adept MiFi of Okawaru (Shoals:4)
  8 shadow dragons
  6 fire giants
  15 azure jellies
  3 tengu reavers
  The ghost of raetorn the End of an Era, an adept VSGl of Qazlal (Elf:3)
  A daeva (Abyss:3)
  Ilsuiw (Shoals:3)
  16 deep elf sorcerers
  8 nagarajas (Snake:4)
  A fire giant (shapeshifter) (Abyss:1)
  An iron dragon (Vaults:5)
  Donald (Vaults:1)
  A ghost moth (Vaults:3)
  6 frost giants
  4 balrugs
  Louise (Elf:3)
  Aizul (Depths:2)
  23 vault wardens
  5 cacodemons
  19 ironheart preservers
  9 deep elf elementalists
  4 angels
  A draconian zealot (Abyss:1)
  An ophan (Abyss:1)
  A ghoul (Vaults:3)
  A draconian annihilator (Abyss:1)
  31 very ugly things
  5 war gargoyles
  18 stone giants
  12 deep elf demonologists
  An entropy weaver (Vaults:4)
  A vampire knight (Vaults:3)
  A lorocyproca (Abyss:4)
  Nessos (D:15)
  2 white draconians (Abyss:1)
  6 dire elephants
  11 deep elf annihilators
  4 spark wasps (Depths:2)
  2 blizzard demons
  11 deep elf death magi
  6 merfolk impalers
  2 crystal guardians (Depths:2)
  10 merfolk javelineers
  13 ettins
  3 death oozes
  A minotaur (Lab)
  The ghost of GsBirdie the Cleaver, a journeyman MiBe of Trog (Lair:1)
  47 vault guards
  6 fire dragons
  Josephine (Orc:1)
  A quicksilver dragon zombie (Abyss:2)
  13 naga warriors
  16 great orbs of eyes
  7 deep elf high priests
  Fannar (D:12)
  14 yaktaur captains
  Harold (Lair:1)
  6 ice dragons
  3 catoblepae
  9 centaur warriors
  8 anacondas
  10 rakshasas
  4 merfolk avatars
  2 spriggan air magi
  5 satyrs
  An alligator snapping turtle (Shoals:1)
  8 death yaks
  6 merfolk aquamancers
  3 tengu warriors
  9 hydras
  32 dancing weapons
  13 ogre magi
  A satyr (shapeshifter) (Abyss:4)
  5 deep troll shamans
  4 death knights
  2 vampire magi
  10 deep troll earth magi
  11 hell hogs
  20 naga sharpshooters
  9 hell knights
  9 shock serpents
  2 spriggan berserkers (Depths:3)
  Urug (Orc:2)
  6 orc high priests
  23 thrashing horrors
  A titan skeleton (Vaults:4)
  5 sun demons
  38 small abominations
  A soul eater (Abyss:2)
  19 deep elf knights
  13 wretched stars
  9 spatial maelstroms
  4 sixfirhies
  A golden dragon zombie (Abyss:3)
  5 skeletal warriors
  2 shadow wraiths
  2 iron trolls
  20 ironbrand convokers
  6 salamander mystics
  7 wizards
  A storm dragon skeleton (Abyss:1)
  4 unseen horrors
  15 glowing orange brains
  16 sea snakes
  33 deep trolls
  6 flayed ghosts
  14 deep elf archers
  2 lindwurms (Volcano)
  A shadow demon (Abyss:1)
  A kraken simulacrum (Shoals:4)
  8 naga ritualists
  23 orc knights
  A golden dragon skeleton (Abyss:1)
  4 harpies (Vaults:1)
  2 mana vipers (Snake:4)
  48 deep elf magi
  11 hill giants
  A swamp dragon (Abyss:2)
  6 phantasmal warriors
  92 starcursed masses
  5 orc sorcerers
  A wolf spider zombie (Abyss:3)
  3 orb spiders (Abyss:1)
  A harpy (shapeshifter) (Vaults:1)
  14 shining eyes
  An oklob plant (Lair:5)
  7 necromancers
  13 salamanders
  2 tengu skeletons (Vaults:4)
  13 fauns
  A fire giant zombie (Abyss:1)
  A shadow dragon skeleton (Abyss:1)
  34 ugly things
  7 cyclopes
  14 sirens
  67 large abominations
  14 manticores
  A manticore (shapeshifter) (Vaults:5)
  12 worldbinders
  A moth of wrath (shapeshifter) (Vaults:4)
  3 wolf spiders
  A rust devil (Abyss:4)
  7 elephants
  20 black mambas
  A black mamba (shapeshifter) (Vaults:2)
  5 ice statues (IceCv)
  A toenail golem (Abyss:3)
  Joseph (Lair:1)
  29 naga magi
  An elephant (shapeshifter) (Vaults:5)
  5 apocalypse crabs
  10 guardian serpents
  13 vault sentinels
  4 water nymphs
  22 smoke demons
  A molten gargoyle (Volcano)
  A torpor snail (Lair:6)
  A spiny frog (shapeshifter) (Abyss:2)
  6 eyes of devastation
  6 efreet
  A rime drake (Lair:6)
  4 gargoyles
  14 spiny frogs
  5 orange demons
  3 kobold demonologists
  7 komodo dragons
  3 hellwings
  3 tormentors
  46 yaktaurs
  2 demonic crawlers (Abyss:3)
  3 tengu conjurers
  2 anaconda simulacra (IceCv)
  2 ice devils (Abyss:3)
  11 freezing wraiths
  A silent spectre (Abyss:2)
  8 trolls
  20 ancient zymes
  A red devil (Abyss:1)
  A queen bee (shapeshifter) (Vaults:2)
  A queen bee (D:8)
  A meliai (shapeshifter) (Abyss:5)
  32 merfolk
  6 hornets
  A harpy skeleton (Abyss:3)
  Prince Ribbit (D:8)
  A hydra skeleton (Abyss:3)
  19 two-headed ogres
  17 blink frogs
  A wind drake (shapeshifter) (Elf:1)
  4 wind drakes
  125 slime creatures
  2 blink frogs (shapeshifter)
  A hippogriff (shapeshifter) (Vaults:3)
  57 raiju
  17 hippogriffs
  A meliai zombie (D:14)
  10 snapping turtles
  A centaur simulacrum (D:14)
  9 flying skulls
  10 air elementals
  A spriggan (Depths:3)
  A tarantella (shapeshifter) (Vaults:1)
  2 vampires
  13 ynoxinuls
  3 redbacks (Vaults:4)
  12 water elementals
  A wyvern (D:14)
  8 fire elementals
  2 shadows
  13 wraiths
  48 yaks
  2 hogs (shapeshifter)
  A fire bat (Abyss:1)
  A steam dragon (shapeshifter) (Vaults:2)
  A yak (shapeshifter) (Vaults:1)
  4 basilisks
  13 golden eyes
  Eustachio (D:4)
  4 vampire mosquitoes (D:15)
  A basilisk (shapeshifter) (Depths:1)
  15 chaos spawn
  13 neqoxecs
  2 hungry ghosts
  A steam dragon (D:8)
  4 spatial vortices
  2 iron troll simulacra (IceCv)
  6 wargs
  A warg (shapeshifter) (Vaults:3)
  A yaktaur simulacrum (Vaults:2)
  4 harpy simulacra (IceCv)
  A soldier ant (D:15)
  A hydra simulacrum (IceCv)
  A naga (shapeshifter) (Abyss:5)
  39 nagas
  A water moccasin (shapeshifter) (Vaults:2)
  2 insubstantial wisps (D:8)
  11 water moccasins
  14 hell hounds
  A floating eye (shapeshifter) (Elf:3)
  11 eyes of draining
  11 porcupines
  2 black bears
  Purgy (Sewer)
  3 phantoms
  71 orc warriors
  12 ice beasts
  A sky beast (shapeshifter) (Abyss:4)
  5 sky beasts
  2 eyes of draining (shapeshifter)
  4 necrophages
  53 ogres
  A tengu (shapeshifter) (Vaults:5)
  A boggart (Abyss:4)
  22 centaurs
  A swamp dragon skeleton (Abyss:3)
  9 crocodiles
  3 big kobolds
  8 earth elementals
  2 bullfrogs (shapeshifter)
  15 bullfrogs
  A water moccasin zombie (D:9)
  5 scorpions
  An elf simulacrum (Vaults:3)
  24 killer bees
  9 wights
  3 electric eels (Lair:2)
  10 howler monkeys
  4 centaur zombies
  2 bullfrog zombies
  10 quasits
  3 crimson imps
  A jelly (shapeshifter) (Depths:2)
  2 bullfrog skeletons (D:11)
  5 centaur skeletons
  45 orc priests
  11 hounds
  3 jellies
  Ijyb (D:2)
  A gnoll shaman (D:8)
  10 iron imps
  47 orc wizards
  5 iguanas
  13 worker ants
  A killer bee zombie (D:9)
  2 hound skeletons
  A howler monkey skeleton (D:9)
  3 gnolls (D:8)
  4 river rats
  9 adders
  A worker ant zombie (D:10)
  7 shadow imps
  7 white imps
  12 ufetubi
  An adder zombie (D:6)
  3 dart slugs
  2 worms
  8 leopard geckos
  157 orcs
  A bat zombie (D:1)
  6 giant cockroaches
  7 hobgoblins
  15 jackals
  8 quokkas
  3 ball pythons
  14 bats
  3 frilled lizards
  8 goblins
  A jackal skeleton (D:8)
  16 kobolds
  A leopard gecko zombie (D:1)
  8 rats
  3 fire vortices (Volcano)
  2 lurking horrors
  A macabre mass (Abyss:4)
  7 plants
  6 starspawn tentacles (Abyss:1)
  6 tentacles
2992 creatures vanquished.

Vanquished Creatures (others)
  3 stone giants (Vaults:5)
  2 yaktaur captains
  2 hell hogs (Abyss:1)
  2 deep elf magi (Elf:1)
  A spiny frog (shapeshifter) (Elf:1)
  3 large abominations (Abyss:4)
  6 yaktaurs
  A raiju (Abyss:4)
  3 water elementals (Elf:3)
  13 small abominations
  A golden eye (shapeshifter) (Abyss:4)
  13 golden eyes (Abyss:4)
  A warg (Vaults:1)
  3 spatial vortices (Abyss:4)
  A centaur (D:14)
  A wight (Abyss:4)
  A jelly (Abyss:4)
  2 orc wizards (Orc:2)
  An iron imp (Abyss:1)
  A white imp (Abyss:4)
  A kobold (D:12)
  11 fungi
  4 lurking horrors
  55 plants
  50 starspawn tentacles
  19 tentacles
201 creatures vanquished.

Grand Total: 3193 creatures vanquished

Notes
Turn   | Place    | Note
-------+----------+-------------------------------------------
     0 | D:1      | XMarksTheSpot the Merfolk Gladiator began the quest for the Orb.
     0 | D:1      | Reached XP level 1. HP: 16/16 MP: 1/1
   133 | D:1      | Reached XP level 2. HP: 22/22 MP: 2/2
   237 | D:1      | Reached skill level 5 in Polearms
   478 | D:1      | Reached XP level 3. HP: 26/27 MP: 3/3
  1101 | D:2      | Noticed Ijyb
  1118 | D:2      | Killed Ijyb
  1118 | D:2      | Reached XP level 4. HP: 26/34 MP: 4/4
  1453 | D:2      | Reached skill level 1 in Stealth
  1595 | D:3      | Found a glowing drain.
  1606 | Sewer    | Entered a sewer
  1612 | Sewer    | Reached skill level 6 in Polearms
  1659 | Sewer    | Noticed Purgy
  1694 | Sewer    | Killed Purgy
  1694 | Sewer    | Reached skill level 1 in Armour
  1694 | Sewer    | Reached skill level 5 in Dodging
  1694 | Sewer    | Reached XP level 5. HP: 30/40 MP: 5/5
  2525 | D:2      | Reached XP level 6. HP: 47/47 MP: 6/6
  2688 | D:4      | Reached skill level 7 in Polearms
  2985 | D:3      | Found an iron altar of Okawaru.
  2989 | D:3      | Found an opulent altar of Gozag.
  2994 | D:3      | Found a snail-covered altar of Cheibriados.
  3534 | D:4      | Noticed Eustachio
  3552 | D:4      | Killed Eustachio
  3552 | D:4      | Reached skill level 8 in Polearms
  3552 | D:4      | Reached XP level 7. HP: 51/53 MP: 7/7
  3613 | D:5      | Entered Level 5 of the Dungeon
  3770 | D:4      | Reached skill level 9 in Polearms
  3918 | D:4      | Reached XP level 8. HP: 41/61 MP: 8/8
  4644 | D:5      | Found a staircase to the Ecumenical Temple.
  4652 | Temple   | Entered the Ecumenical Temple
  4658 | Temple   | Became a worshipper of Dithmenos the Shadowed
  4716 | D:5      | Reached skill level 5 in Fighting
  4773 | D:5      | Reached skill level 10 in Polearms
  5197 | D:5      | Reached skill level 11 in Polearms
  5229 | D:5      | Found an opulent altar of Gozag.
  5280 | D:5      | Found a stormy altar of Qazlal.
  5442 | D:6      | Reached XP level 9. HP: 31/68 MP: 9/9
  5626 | D:6      | Reached * piety under Dithmenos
  6091 | D:6      | Reached skill level 12 in Polearms
  7007 | D:7      | Reached ** piety under Dithmenos
  7027 | D:7      | Reached skill level 13 in Polearms
  7145 | D:7      | Reached XP level 10. HP: 76/79 MP: 10/10
  7892 | D:8      | Noticed Prince Ribbit
  7946 | D:8      | Killed Prince Ribbit
  7946 | D:8      | Reached skill level 14 in Polearms
  7946 | D:8      | Reached skill level 1 in Shields
  8035 | D:8      | Reached *** piety under Dithmenos
  8056 | D:8      | Reached skill level 5 in Stealth
  8857 | D:8      | Found a staircase to the Lair.
  9322 | D:8      | Reached XP level 11. HP: 77/86 MP: 11/11
  9371 | Lair:1   | Entered Level 1 of the Lair of Beasts
  9371 | Lair:1   | Noticed GsBirdie's ghost (journeyman MiBe)
  9551 | Lair:1   | Killed GsBirdie's ghost
  9563 | Lair:1   | Noticed Harold
  9588 | Lair:1   | Killed Harold
  9588 | Lair:1   | Reached **** piety under Dithmenos
  9634 | Lair:1   | Found a labyrinth entrance.
  9643 | Lab      | Entered a labyrinth
 10182 | Lab      | Noticed a minotaur
 10195 | Lab      | Killed a minotaur
 10195 | Lab      | Reached skill level 15 in Polearms
 10195 | Lab      | Reached skill level 10 in Dodging
 10227 | Lab      | Got a wizard robe
 10238 | Lab      | Identified the +1 robe of Yfuure {rElec MR+ Str+2} (You found it in a labyrinth)
 10303 | Lair:1   | Noticed a death yak
 10335 | Lair:1   | Killed a death yak
 10572 | D:8      | Gained mutation: You are clumsy. (Dex -2) [mutagenic meat]
 10573 | D:8      | Gained mutation: You have a pair of small horns on your head. [mutagenic meat]
 10574 | D:8      | Gained mutation: You have a pair of horns on your head. [mutagenic meat]
 10575 | D:8      | Gained mutation: [Your body sometimes deteriorates upon taking damage.] [mutagenic meat]
 10766 | D:8      | Reached skill level 5 in Shields
 10934 | D:10     | Entered Level 10 of the Dungeon
 11393 | D:9      | Reached ***** piety under Dithmenos
 11595 | D:9      | Found a hazy altar of Hepliaklqana.
 11595 | D:9      | Found a faded altar of an unknown god.
 11600 | D:9      | Found a faded altar of an unknown god.
 11602 | D:9      | Found a faded altar of an unknown god.
 11608 | D:9      | Found a faded altar of an unknown god.
 11850 | D:10     | Found Kuodyzae's Distillery.
 11858 | D:10     | Bought a potion of heal wounds for 65 gold pieces
 11884 | D:10     | Lost mutation: [Your body sometimes deteriorates upon taking damage.] [potion of cure mutation]
 11884 | D:10     | Lost mutation: You have a pair of horns on your head. [potion of cure mutation]
 11884 | D:10     | Lost mutation: You have a pair of small horns on your head. [potion of cure mutation]
 11884 | D:10     | Lost mutation: You are clumsy. (Dex -2) [potion of cure mutation]
 11919 | D:10     | Reached XP level 12. HP: 90/96 MP: 12/12
 12733 | D:11     | Noticed a four-headed hydra
 12740 | D:11     | Killed a four-headed hydra
 12852 | D:11     | Found a staircase to the Orcish Mines.
 12896 | D:11     | Reached skill level 16 in Polearms
 12908 | D:11     | Found Xaruewn's Antique Weapon Emporium.
 13376 | D:12     | Reached ****** piety under Dithmenos
 13378 | D:12     | Reached skill level 10 in Fighting
 13698 | D:12     | Noticed Fannar
 13719 | D:13     | Found Ufuylaar's Antique Armour Shop.
 13724 | D:13     | Bought a pair of glowing boots for 367 gold pieces
 13852 | D:13     | Noticed a centaur warrior
 13989 | D:13     | Killed a centaur warrior
 14546 | D:14     | Noticed a six-headed hydra
 14551 | D:14     | Noticed Rupert
 14555 | D:14     | Reached XP level 13. HP: 104/104 MP: 13/13
 15065 | Orc:1    | Entered Level 1 of the Orcish Mines
 15462 | Orc:1    | Found a roughly hewn altar of Beogh.
 15625 | Orc:2    | Entered Level 2 of the Orcish Mines
 15666 | Orc:2    | Noticed an ettin
 15697 | Orc:2    | Killed an ettin
 15744 | Orc:2    | Found a staircase to the Elven Halls.
 15885 | Orc:2    | Reached skill level 10 in Stealth
 16190 | Elf:1    | Entered Level 1 of the Elven Halls
 16909 | Orc:2    | Reached skill level 17 in Polearms
 17587 | Elf:1    | Noticed a deep elf demonologist
 17779 | Orc:1    | Noticed Urug
 17779 | Orc:1    | Noticed Josephine
 18130 | Orc:2    | Killed Urug
 19039 | Lair:2   | Found a dark tunnel.
 19048 | Volcano  | Entered a volcano
 19368 | Volcano  | Got a pair of jewelled boots
 19410 | Volcano  | Identified the +0 pair of boots of Alatwaadi {rPois Str+7 Dex-5} (You found it in a volcano)
 19441 | Volcano  | Reached XP level 14. HP: 101/114 MP: 14/14
 19684 | Lair:1   | Noticed Joseph
 19700 | Lair:1   | Killed Joseph
 21050 | Lair:4   | Found a staircase to the Snake Pit.
 21616 | Lair:4   | Gained mutation: Your system is resistant to poisons. (rPois) [potion of beneficial mutation]
 21657 | Lair:4   | Found a staircase to the Shoals.
 21667 | Lair:4   | Reached skill level 10 in Shields
 21943 | Lair:6   | Entered Level 6 of the Lair of Beasts
 23124 | Lair:6   | Found a runed door.
 23125 | Lair:6   | Noticed an acid blob
 23126 | Lair:6   | Found a viscous altar of Jiyva.
 23126 | Lair:6   | Found a staircase to the Slime Pits.
 23837 | Lair:6   | Gained mutation: You are resistant to hostile enchantments. (MR+) [potion of mutation]
 23837 | Lair:6   | Gained mutation: You expend magic power (3 MP) to strengthen your wands. [potion of mutation]
 24432 | Lair:6   | Reached XP level 15. HP: 120/120 MP: 9/15
 24900 | Lair:6   | Got a transparent ivory ring
 24904 | Lair:6   | Identified the ring "Gepefori" {*Tele rElec Int+4 Slay+2} (You found it on level 6 of the Lair of Beasts)
 25265 | Snake:1  | Entered Level 1 of the Snake Pit
 25275 | Snake:1  | Found Deqeneuni's Assorted Antiques.
 25331 | Snake:2  | Found a frozen archway.
 25338 | IceCv    | Entered an ice cave
 25362 | IceCv    | Reached skill level 1 in Evocations
 25877 | IceCv    | Gained mutation: You are partially covered in molten scales. (AC +2) [potion of beneficial mutation]
 26256 | IceCv    | Gained mutation: You passively map a small area around you. [mutagenic meat]
 26258 | IceCv    | Gained mutation: You can translocate small distances at will. [mutagenic meat]
 26578 | Snake:1  | Found Vaca's Gadget Shoppe.
 26719 | Snake:1  | Found Gastriruq's Food Boutique.
 26727 | Snake:1  | Found Gaempapa's Gadget Shop.
 26753 | Snake:1  | Found Houhyux's Book Boutique.
 26819 | Snake:1  | Found Cucil's Antique Armour Shoppe.
 26824 | Snake:1  | Bought an embroidered cloak for 336 gold pieces
 27150 | Snake:1  | Found Weroof's Book Boutique.
 27267 | Snake:4  | Entered Level 4 of the Snake Pit
 28515 | Snake:3  | Reached skill level 15 in Shields
 28568 | Snake:3  | Gained mutation: Your movements are slightly less encumbered by armour. (ER -2) [mutagenic meat]
 28570 | Snake:3  | Gained mutation: You are somewhat resistant to further mutation. [mutagenic meat]
 29423 | Snake:3  | Reached skill level 5 in Armour
 29503 | Snake:3  | Reached skill level 18 in Polearms
 29512 | Snake:3  | Reached XP level 16. HP: 81/129 MP: 16/16
 31194 | Orc:2    | Found Hitz's Distillery.
 31198 | Orc:2    | Found Bomulot's General Store.
 31199 | Orc:2    | Found Lumuywec's Book Boutique.
 31200 | Orc:2    | Found Pohon's Antique Armour Boutique.
 31206 | Orc:2    | Bought a smoking scale mail for 270 gold pieces
 31206 | Orc:2    | Bought a pair of glowing gloves for 315 gold pieces
 31206 | Orc:2    | Bought a slimy cloak for 285 gold pieces
 31207 | Orc:2    | Bought a potion of heal wounds for 65 gold pieces
 31207 | Orc:2    | Bought 2 potions of heal wounds for 130 gold pieces
 31231 | Orc:2    | Identified the +0 cloak "Haset" {rN++ rCorr Str+4 Int-5} (You bought it in a shop on level 2 of the Orcish Mines)
 31252 | Orc:2    | Identified the +2 scale mail "Inot Juq" {rElec rCorr} (You bought it in a shop on level 2 of the Orcish Mines)
 31765 | Snake:4  | Reached skill level 1 in Invocations
 32255 | Snake:4  | Gained mutation: You have sharp fingernails. [mutagenic meat]
 32461 | Snake:4  | Gained mutation: Your muscles are strong. (Str +2) [mutagenic meat]
 32493 | Snake:4  | Noticed Vashnia
 32718 | Snake:4  | Killed Vashnia
 33119 | Snake:4  | Reached skill level 19 in Polearms
 33575 | Snake:4  | Noticed a nagaraja
 33602 | Snake:4  | Noticed a nagaraja
 33617 | Snake:4  | Noticed a nagaraja
 33617 | Snake:4  | Killed a nagaraja
 33625 | Snake:4  | Killed a nagaraja
 33656 | Snake:4  | Reached XP level 17. HP: 116/137 MP: 20/20
 33849 | Snake:4  | Reached skill level 5 in Invocations
 34455 | Snake:3  | Gained mutation: You possess an exceptional clarity of mind. [mutagenic meat]
 34456 | Snake:3  | Gained mutation: You have very sharp fingernails. [mutagenic meat]
 35055 | Snake:4  | Got a serpentine rune of Zot
 35213 | Shoals:1 | Entered Level 1 of the Shoals
 36179 | Shoals:2 | Noticed a kraken
 36586 | Shoals:2 | Noticed a kraken
 36607 | Shoals:2 | Killed a kraken
 36726 | Shoals:2 | Killed a kraken
 37010 | Shoals:2 | Noticed Polyphemus
 37049 | Shoals:2 | Reached skill level 20 in Polearms
 37396 | Shoals:2 | Reached XP level 18. HP: 143/147 MP: 23/23
 37803 | Shoals:2 | Killed Polyphemus
 38323 | Shoals:4 | Entered Level 4 of the Shoals
 38412 | Shoals:4 | Noticed Ilsuiw
 38737 | Shoals:3 | Killed Ilsuiw
 39155 | Shoals:4 | Got a barnacled rune of Zot
 39540 | Shoals:4 | Noticed Agorwal's ghost (adept MiFi)
 39568 | Shoals:4 | Killed Agorwal's ghost
 39794 | Shoals:4 | Got a smoking bone ring
 39795 | Shoals:4 | Identified the ring "Xutry" {+Fly rElec rF+ MR+ Stlth-} (You took it off a merfolk on level 4 of the Shoals)
 40195 | Shoals:4 | Identified Yvoyteju's Reference Book on Transmutation and Summoning
 40535 | Orc:1    | Killed Josephine
 40816 | Elf:1    | Reached skill level 15 in Fighting
 41268 | Elf:1    | Noticed a Tzitzimitl
 41557 | Elf:3    | Entered Level 3 of the Elven Halls
 41806 | Elf:1    | Lost mutation: You expend magic power (3 MP) to strengthen your wands. [mutagenic meat]
 41807 | Elf:1    | Gained mutation: You are clumsy. (Dex -2) [mutagenic meat]
 41943 | Elf:1    | Found a gateway to a bazaar.
 41952 | Bazaar   | Entered a bazaar
 41956 | Bazaar   | Found Otysiqawn's Assorted Antiques.
 41974 | Bazaar   | Found Asyaxt's Jewellery Emporium.
 41991 | Bazaar   | Found Levonoju's Antique Armour Boutique.
 42008 | Bazaar   | Found Cecoikoask's Antique Armour Shoppe.
 42013 | Bazaar   | Bought a glowing helmet for 157 gold pieces
 42189 | Elf:1    | Reached XP level 19. HP: 155/155 MP: 25/25
 42462 | Elf:2    | Identified a scroll of acquirement
 42464 | Elf:2    | Got a fine shield
 42475 | Elf:2    | Identified the +0 shield of Makhleb's Castigation {rF+ Int+2} (You acquired it on level 2 of the Elven Halls)
 42585 | Elf:2    | Found a huge runed gate.
 42585 | Elf:2    | Found a huge runed gate.
 42586 | Elf:2    | Found a huge runed gate.
 42587 | Elf:2    | Found a huge runed gate.
 42597 | Elf:2    | Found a huge runed gate.
 43298 | Elf:2    | Reached skill level 21 in Polearms
 43349 | Elf:2    | Reached skill level 10 in Invocations
 43599 | Elf:3    | Noticed Saint Roka
 43624 | Elf:3    | Killed Saint Roka
 44012 | Elf:3    | Got an ichor-stained flail
 44370 | Elf:3    | Noticed a Hell Sentinel
 44700 | Elf:3    | HP: 2/157 [acid (13)]
 45377 | D:12     | Killed Fannar
 45409 | D:12     | Got a steaming rapier
 45686 | Elf:3    | Killed a Hell Sentinel
 45999 | Elf:3    | Got a brightly glowing lead ring
 46067 | Elf:3    | Reached XP level 20. HP: 91/164 MP: 28/28
 46337 | Elf:3    | Noticed Louise
 46347 | Elf:3    | Killed Louise
 46729 | Elf:3    | Got a sparkling lapis lazuli ring
 46739 | Elf:3    | Identified the ring "Jynim" {rC+ Stlth+} (You took it off a deep elf annihilator on level 3 of the Elven Halls)
 46741 | Elf:3    | Identified the ring of Lesser Demons {rCorr MP-9 Str+8} (You took it off a deep elf blademaster on level 3 of the Elven Halls)
 47013 | Elf:3    | Noticed raetorn's ghost (adept VSGl)
 47565 | Elf:3    | Killed raetorn's ghost
 48905 | Elf:3    | Identified Mutweguf's Handbook of Scorching Translocation
 48913 | Elf:3    | Got a crystal shortbow
 49587 | Snake:1  | Bought ice dragon scales for 1920 gold pieces
 49692 | Slime:1  | Entered Level 1 of the Pits of Slime
 50092 | Slime:2  | Reached skill level 15 in Stealth
 50109 | Slime:1  | Reached skill level 22 in Polearms
 51110 | Slime:2  | Gained mutation: Armour fits poorly on your strangely shaped body. [a shining eye]
 51170 | Slime:2  | Reached XP level 21. HP: 173/173 MP: 20/29
 51373 | Slime:3  | Lost mutation: You are clumsy. (Dex -2) [a shining eye]
 51498 | Slime:3  | Lost mutation: You are somewhat resistant to further mutation. [a shining eye]
 52559 | Slime:5  | Entered Level 5 of the Pits of Slime
 52602 | Slime:5  | Noticed the Royal Jelly
 52804 | Lair:1   | Gained mutation: You are covered in fur. (AC +1) [potion of beneficial mutation]
 53142 | Slime:5  | Noticed DwarfAlpaca's ghost (legendary VSFi)
 53469 | Slime:5  | Killed DwarfAlpaca's ghost
 53479 | Slime:5  | Gained mutation: You expend magic power (3 MP) to strengthen your wands. [a shining eye]
 53530 | Slime:5  | Lost mutation: You possess an exceptional clarity of mind. [a shining eye]
 53543 | Slime:5  | Reached skill level 5 in Throwing
 53606 | Slime:5  | Gained mutation: Scrolls take you a little longer to read. [a shining eye]
 53608 | Slime:5  | Gained mutation: [Your body sometimes deteriorates upon taking damage.] [a shining eye]
 54298 | Slime:5  | Found a viscous altar of Jiyva.
 54589 | D:12     | Found a sacrificial altar of Ru.
 54761 | D:12     | Got a slimy falchion
 55220 | D:13     | Lost mutation: Armour fits poorly on your strangely shaped body. [mutagenic meat]
 55506 | D:15     | Entered Level 15 of the Dungeon
 55570 | D:14     | Found a gate to the Vaults.
 55899 | D:14     | Identified the Volume of Unholy Orientation
 56380 | D:15     | Found a staircase to the Depths.
 56390 | D:15     | Noticed Nessos
 56408 | D:15     | Reached XP level 22. HP: 162/183 MP: 30/30
 56418 | D:15     | Killed Nessos
 56503 | D:15     | Found a portal to a secret trove of treasure.
 56922 | Depths:1 | Entered Level 1 of the Depths
 57095 | Depths:1 | Reached skill level 23 in Polearms
 57233 | Depths:1 | Lost mutation: You are covered in fur. (AC +1) [mutagenic meat]
 57239 | Depths:1 | Gained mutation: [Your body often deteriorates upon taking damage.] [mutagenic meat]
 57240 | Depths:1 | Lost mutation: Your system is resistant to poisons. (rPois) [mutagenic meat]
 57241 | Depths:1 | Lost mutation: You are partially covered in molten scales. (AC +2) [mutagenic meat]
 57242 | Depths:1 | Gained mutation: You have a pair of small horns on your head. [mutagenic meat]
 57251 | Depths:1 | Found a huge runed gate.
 57251 | Depths:1 | Found a huge runed gate.
 57251 | Depths:1 | Found a huge runed gate.
 57251 | Depths:1 | Found a huge runed gate.
 57251 | Depths:1 | Found a huge runed gate.
 57251 | Depths:1 | Found a huge runed gate.
 57251 | Depths:1 | Found a huge runed gate.
 57252 | Depths:1 | Found a huge runed gate.
 57260 | Depths:1 | Found a huge runed gate.
 57260 | Depths:1 | Found a huge runed gate.
 57269 | Depths:1 | Found a huge runed gate.
 57269 | Depths:1 | Found a huge runed gate.
 57269 | Depths:1 | Found a huge runed gate.
 57269 | Depths:1 | Found a huge runed gate.
 57281 | Depths:1 | Found a gateway to Hell.
 57314 | Depths:1 | Found a huge runed gate.
 57314 | Depths:1 | Found a huge runed gate.
 57315 | Depths:1 | Found a huge runed gate.
 57318 | Hell     | Entered the Vestibule of Hell
 57318 | Hell     | Noticed Geryon
 57348 | Depths:1 | Found a huge runed gate.
 57348 | Depths:1 | Found a huge runed gate.
 57348 | Depths:1 | Found a huge runed gate.
 57348 | Depths:1 | Found a huge runed gate.
 57348 | Depths:1 | Found a huge runed gate.
 57348 | Depths:1 | Found a huge runed gate.
 57349 | Depths:1 | Found a huge runed gate.
 57350 | Depths:1 | Found a huge runed gate.
 57351 | Depths:1 | Found a huge runed gate.
 57352 | Depths:1 | Found a huge runed gate.
 57456 | Depths:1 | Gained mutation: Your spells are a little harder to cast, but a little more powerful. [mutagenic meat]
 57461 | Depths:1 | Gained mutation: Your spells are harder to cast, but more powerful. [mutagenic meat]
 57464 | Depths:1 | Lost mutation: Your spells are harder to cast, but more powerful. [mutagenic meat]
 57468 | Depths:1 | Found a one-way gate to the infinite horrors of the Abyss.
 57487 | Depths:1 | Lost mutation: You passively map a small area around you. [mutagenic meat]
 58037 | Depths:2 | Noticed Aizul
 58229 | Depths:1 | Got a glittering tin ring
 58236 | Depths:1 | Identified the ring "Xistiula" {+Blink rF+ Dex-2 SInv} (You found it on level 1 of the Depths)
 58255 | Depths:1 | Reached skill level 15 in Dodging
 58297 | Depths:1 | Lost mutation: Your muscles are strong. (Str +2) [mutagenic meat]
 58299 | Depths:1 | Lost mutation: You have a pair of small horns on your head. [mutagenic meat]
 58300 | Depths:1 | Lost mutation: You expend magic power (3 MP) to strengthen your wands. [mutagenic meat]
 58307 | Depths:1 | Got a glittering platinum ring
 58311 | Depths:1 | Identified the ring "Toan" {rPois rF+ rC+++ Stlth-} (You found it on level 1 of the Depths)
 58416 | Depths:1 | Noticed a golden dragon
 59218 | Depths:2 | Noticed an ancient lich
 59335 | Depths:2 | Killed an ancient lich
 59368 | Depths:3 | Noticed Asterion
 59438 | Depths:4 | Found a gateway to a ziggurat.
 59551 | Depths:2 | Gained mutation: You are partially covered in molten scales. (AC +2) [mutagenic meat]
 59552 | Depths:2 | Lost mutation: You are partially covered in molten scales. (AC +2) [mutagenic meat]
 59553 | Depths:2 | Gained mutation: You are agile. (Dex +2) [mutagenic meat]
 59557 | Depths:2 | Lost mutation: Your movements are slightly less encumbered by armour. (ER -2) [mutagenic meat]
 59558 | Depths:2 | Lost mutation: You are resistant to hostile enchantments. (MR+) [mutagenic meat]
 59559 | Depths:2 | Gained mutation: You are surrounded by a mild repulsion field. (EV +2) [mutagenic meat]
 59563 | Depths:2 | Gained mutation: You evolve. [mutagenic meat]
 59620 | Depths:2 | Reached XP level 23. HP: 146/192 MP: 31/31
 59842 | Depths:2 | Lost mutation: You can translocate small distances at will. [mutagenic meat]
 60468 | Depths:2 | Killed Aizul
 60468 | Depths:2 | Reached skill level 24 in Polearms
 60473 | Depths:2 | Lost mutation: You are agile. (Dex +2) [mutagenic meat]
 60474 | Depths:2 | Lost mutation: You evolve. [mutagenic meat]
 60588 | Depths:1 | Killed a golden dragon
 60972 | Lair:1   | Learned a level 2 spell: Ensorcelled Hibernation
 61068 | D:14     | Killed Rupert
 61105 | Vaults:1 | Entered Level 1 of the Vaults
 61132 | Vaults:1 | Reached skill level 1 in Spellcasting
 61135 | Vaults:1 | Reached skill level 1 in Hexes
 61217 | Vaults:1 | Reached skill level 1 in Ice Magic
 61771 | Vaults:1 | Noticed Donald
 61783 | Vaults:1 | Killed Donald
 62247 | Vaults:2 | Found Ciugeil's Weapon Emporium.
 62538 | Vaults:2 | Gained mutation: You are agile. (Dex +2) [mutagenic meat]
 62539 | Vaults:2 | Lost mutation: [Your body often deteriorates upon taking damage.] [mutagenic meat]
 62540 | Vaults:2 | Gained mutation: You have a pair of small horns on your head. [mutagenic meat]
 62587 | Vaults:2 | Found Rizismu's Assorted Antiques.
 62925 | Vaults:2 | Got a fine scimitar
 62943 | Vaults:2 | Found Mytyl's Gadget Shop.
 63537 | Vaults:2 | Reached XP level 24. HP: 174/201 MP: 31/31
 63782 | Vaults:2 | Lost mutation: Scrolls take you a little longer to read. [mutagenic meat]
 63836 | Vaults:2 | Found Lidappue's Antique Weapon Shoppe.
 64067 | Vaults:3 | Found a staircase to the Crypt.
 64067 | Vaults:3 | Found an ancient bone altar of Kikubaaqudgha.
 64068 | Vaults:3 | Found a basalt altar of Yredelemnul.
 64221 | Vaults:3 | Got a warped ring mail
 64232 | Vaults:3 | Identified the +1 ring mail "Emej" {Regen+ Str+2 Int-3 Dex+4 Stlth+} (You found it on level 3 of the Vaults)
 64342 | Vaults:3 | Got a shimmering great sword
 64631 | Vaults:3 | Reached skill level 5 in Ice Magic
 64988 | Vaults:3 | Reached skill level 5 in Hexes
 65005 | Vaults:3 | Gained mutation: You are somewhat resistant to further mutation. [mutagenic meat]
 65348 | Vaults:3 | Got a steaming leather armour
 65421 | Vaults:3 | Reached skill level 5 in Spellcasting
 65446 | Vaults:3 | Got a crude arbalest
 65477 | Vaults:3 | Identified the +2 leather armour of Fot Zaqy {rPois Int+4} (You took it off a vampire mage on level 3 of the Vaults)
 65501 | Vaults:3 | Identified a +2 rod of clouds (14/14) (You found it on level 2 of the Vaults)
 66155 | Vaults:5 | Entered Level 5 of the Vaults
 66434 | Vaults:4 | Reached skill level 25 in Polearms
 66502 | Vaults:4 | Gained mutation: You passively map a small area around you. [mutagenic meat]
 66507 | Vaults:4 | Lost mutation: You are agile. (Dex +2) [mutagenic meat]
 66513 | Vaults:4 | Lost mutation: Your spells are a little harder to cast, but a little more powerful. [mutagenic meat]
 66645 | Vaults:4 | Reached XP level 25. HP: 128/210 MP: 32/32
 67381 | Vaults:4 | Got a dazzling mace
 68184 | Vaults:5 | Gained mutation: You have supernaturally acute eyesight. (SInv) [mutagenic meat]
 68216 | Vaults:5 | Got a silver rune of Zot
 68241 | Vaults:5 | Identified the Grimoire of Orientation
 68248 | Vaults:5 | Learned a level 2 spell: Blink
 68250 | Vaults:5 | Learned a level 1 spell: Apportation
 68324 | Vaults:5 | Reached skill level 1 in Translocations
 68369 | Vaults:5 | Lost mutation: You have a pair of small horns on your head. [mutagenic meat]
 68809 | Vaults:5 | Noticed an ancient lich
 68827 | Vaults:5 | Killed an ancient lich
 68908 | Vaults:5 | Reached XP level 26. HP: 129/219 MP: 34/34
 68924 | Vaults:5 | Got an ebony bardiche {chop}
 69590 | Vaults:5 | Reached skill level 10 in Armour
 70113 | Lair:1   | Identified the +8 bardiche of Licelif {chop, MR+ Str+4 SInv Stlth+} (You took it off a vault warden on level 5 of the Vaults)
 70400 | Vaults:5 | Got a jewelled helmet
 70411 | Vaults:5 | Identified the +2 helmet "Egugg" {rF- Int+4 SInv} (You found it on level 5 of the Vaults)
 70427 | Vaults:5 | Identified the Volume of Shape Shifting
 70499 | Vaults:5 | Reached skill level 26 in Polearms
 70603 | Vaults:5 | Identified the Papyrus of the Glacier and Stolen Souls
 71056 | Vaults:5 | Got a crystal spear
 71073 | Vaults:5 | Got a crude scimitar
 71615 | Lair:1   | Identified the cursed +1 spear of Imminent Death {flame, rElec} (You found it on level 5 of the Vaults)
 71766 | Depths:1 | Voluntarily entered the Abyss.
 71842 | Abyss:1  | Gained mutation: You are clumsy. (Dex -2) [a neqoxec]
 72136 | Abyss:1  | Identified the Tome of the Escort
 72144 | Abyss:1  | Identified the Papyrus of Sinister Rituals
 72147 | Abyss:1  | Identified the Handbook of the Entourage
 72150 | Abyss:1  | Identified the Guide on Moulding
 72174 | Abyss:1  | Identified Enyir's Guide on Summoning
 72182 | Abyss:1  | Identified the Volume of Dislocation
 72832 | Abyss:1  | Got a faintly glowing cloak
 72897 | Abyss:2  | Identified the +1 cloak "Aner" {MR+ SInv} (You acquired it on level 1 of the Abyss)
 73020 | Abyss:2  | Got a polished scythe
 73045 | Abyss:2  | Paralysed by accursed screaming for 1 turns
 73251 | Abyss:2  | Identified the +7 scythe of Reason {vamp, Fragile rPois rC++ MR+} (You found it on level 2 of the Abyss)
 73764 | Abyss:3  | Reached XP level 27. HP: 193/228 MP: 34/34
 73861 | Abyss:3  | Found a corrupted altar of Lugonu.
 74369 | Abyss:4  | Paralysed by accursed screaming for 2 turns
 75050 | Abyss:4  | Paralysed by accursed screaming for 1 turns
 75148 | Abyss:4  | Gained mutation: [You regenerate slowly when monsters are visible.] [mutagenic meat]
 75154 | Abyss:4  | Lost mutation: You are clumsy. (Dex -2) [mutagenic meat]
 75422 | Abyss:5  | Entered Level 5 of the Abyss
 75511 | Depths:1 | Escaped the Abyss
 75706 | Depths:1 | Voluntarily entered the Abyss.
 75839 | Abyss:1  | Lost mutation: [Your body sometimes deteriorates upon taking damage.] [mutagenic meat]
 75841 | Abyss:1  | Lost mutation: [You regenerate slowly when monsters are visible.] [mutagenic meat]
 75860 | Abyss:1  | Gained mutation: You have a pair of small horns on your head. [mutagenic meat]
 75862 | Depths:1 | Escaped the Abyss
 76019 | Depths:1 | Voluntarily entered the Abyss.
 76041 | Abyss:1  | Reached skill level 10 in Ice Magic
 76048 | Abyss:1  | Lost mutation: You are somewhat resistant to further mutation. [mutagenic meat]
 76062 | Abyss:1  | Gained mutation: You are occasionally teleported next to monsters. [mutagenic meat]
 76174 | Abyss:1  | Reached skill level 27 in Polearms
 76198 | Abyss:1  | Reached skill level 5 in Translocations
 76329 | Abyss:1  | Noticed an ancient lich
 76345 | Abyss:1  | Killed an ancient lich
 76394 | Abyss:1  | Found a corrupted altar of Lugonu.
 76548 | Abyss:1  | Lost mutation: You have supernaturally acute eyesight. (SInv) [mutagenic meat]
 76550 | Abyss:1  | Gained mutation: Your flesh is heat resistant. (rF+) [mutagenic meat]
 76657 | Abyss:1  | Paralysed by you for 5 turns
 76768 | Abyss:1  | Found a corrupted altar of Lugonu.
 76836 | Abyss:1  | Found a corrupted altar of Lugonu.
 76955 | Abyss:1  | Got a polished quarterstaff
 77033 | Abyss:1  | Identified the +9 quarterstaff "Tewasae" {crush, +Inv} (You found it on level 1 of the Abyss)
 77294 | Abyss:1  | Reached skill level 10 in Hexes
 77477 | Abyss:1  | Lost mutation: You have a pair of small horns on your head. [potion of cure mutation]
 77477 | Abyss:1  | Lost mutation: Your flesh is heat resistant. (rF+) [potion of cure mutation]
 77477 | Abyss:1  | Lost mutation: You passively map a small area around you. [potion of cure mutation]
 77533 | Abyss:1  | Found a corrupted altar of Lugonu.
 77835 | Abyss:1  | Lost mutation: You are surrounded by a mild repulsion field. (EV +2) [potion of cure mutation]
 77870 | Abyss:1  | Found an opulent altar of Gozag.
 78647 | Abyss:1  | Found a corrupted altar of Lugonu.
 78804 | Abyss:1  | Found a corrupted altar of Lugonu.
 79050 | Abyss:1  | Found a corrupted altar of Lugonu.
 79287 | Abyss:4  | Gained mutation: Armour fits poorly on your strangely shaped body. [a cacodemon]
 79308 | Abyss:4  | Gained mutation: You are dopey. (Int -2) [a cacodemon]
 79311 | Abyss:4  | Found a corrupted altar of Lugonu.
 79513 | Abyss:5  | Entered Level 5 of the Abyss
 79770 | Abyss:5  | Reached skill level 10 in Spellcasting
 79795 | Abyss:5  | Gained mutation: Your muscles are strong. (Str +2) [mutagenic meat]
 79797 | Abyss:5  | Lost mutation: Armour fits poorly on your strangely shaped body. [mutagenic meat]
 79798 | Abyss:5  | Gained mutation: Your muscles are very strong. (Str +4) [mutagenic meat]
 79799 | Abyss:5  | Gained mutation: You have claws for hands. [mutagenic meat]
 79800 | Abyss:5  | Gained mutation: You are clumsy. (Dex -2) [mutagenic meat]
 79801 | Abyss:5  | Gained mutation: Your magical capacity is low. (-10% MP) [mutagenic meat]
 79803 | Abyss:5  | Gained mutation: You passively map a small area around you. [mutagenic meat]
 79804 | Abyss:5  | Lost mutation: You are dopey. (Int -2) [mutagenic meat]
 79805 | Abyss:5  | Lost mutation: Your muscles are very strong. (Str +4) [mutagenic meat]
 79807 | Abyss:5  | Gained mutation: You are very clumsy. (Dex -4) [mutagenic meat]
 79846 | Depths:1 | Escaped the Abyss
 80229 | Depths:1 | Voluntarily entered the Abyss.
 80263 | Abyss:1  | Gained mutation: [You are frail. (-10% HP)] [mutagenic meat]
 80269 | Abyss:1  | Gained mutation: You have a pair of small horns on your head. [a cacodemon]
 80347 | Abyss:1  | Found a corrupted altar of Lugonu.
 80376 | Abyss:1  | Got a translucent hand axe
 80617 | Abyss:2  | Lost mutation: You have a pair of small horns on your head. [mutagenic meat]
 80779 | Abyss:3  | Lost mutation: [You are frail. (-10% HP)] [mutagenic meat]
 80780 | Abyss:3  | Gained mutation: Your spells are a little easier to cast, but a little less powerful. [mutagenic meat]
 81174 | Depths:1 | Escaped the Abyss
 81530 | Depths:1 | Voluntarily entered the Abyss.
 81566 | Abyss:1  | Paralysed by accursed screaming for 1 turns
 81577 | Abyss:1  | Paralysed by accursed screaming for 2 turns
 81770 | Depths:1 | Escaped the Abyss
 82040 | Depths:1 | Voluntarily entered the Abyss.
 82074 | Abyss:3  | Found a corrupted altar of Lugonu.
 82264 | Abyss:3  | Gained mutation: You have a somewhat thin skeletal structure. (Dex +2, Stealth) [mutagenic meat]
 82265 | Abyss:3  | Gained mutation: You tend to lose your temper in combat. [mutagenic meat]
 82267 | Abyss:3  | Lost mutation: You have a somewhat thin skeletal structure. (Dex +2, Stealth) [mutagenic meat]
 82269 | Abyss:3  | Gained mutation: You are partially covered in yellow scales. (AC +2) [mutagenic meat]
 82270 | Abyss:3  | Lost mutation: You passively map a small area around you. [mutagenic meat]
 82411 | Abyss:3  | Got an abyssal rune of Zot
 82856 | Abyss:3  | Got a faintly glowing jade ring
 82925 | Abyss:3  | Killed from afar by a quicksilver dragon

Skill      XL: |  1  2  3  4  5  6  7  8  9 10 11 12 13 14 15 16 17 18 19 20 21 22 23 24 25 26 27 |
---------------+----------------------------------------------------------------------------------+-----
Polearms       | 5 6 8 9 11 13 14 15 16 17 18 19 20 21 22 23 24 25 26 27 | 27.0
Stealth        | 1 2 4 5 6 9 10 11 12 13 14 15 16 17 18 19 | 19.7
Armour         | 1 2 3 4 5 6 7 8 9 10 | 10.9
Dodging        | 5 6 8 9 10 11 12 13 14 15 16 17 | 17.5
Fighting       | 3 4 5 7 8 9 10 11 12 13 14 15 16 17 18 19 20 21 22 | 22.4
Shields        | 3 5 7 9 12 15 16 17 18 19 20 21 22 | 22.9
Evocations     | 1 2 |  2.1
Invocations    | 4 7 9 10 11 | 11.3
Throwing       | 3 4 5 |  5.6
Spellcasting   | 3 6 7 10 | 10.7
Hexes          | 3 6 7 8 10 | 10.0
Ice Magic      | 4 6 8 10 | 10.0
Translocations | 1 3 8 |  8.0

Action                   |  1- 3 |  4- 6 |  7- 9 | 10-12 | 13-15 | 16-18 | 19-21 | 22-24 | 25-27 || total
-------------------------+-------+-------+-------+-------+-------+-------+-------+-------+-------++-------
Melee: Trident           |   119 |   237 |   467 |  1024 |   498 |       |       |       |       ||  2345
       Tailslap          |       |     6 |     1 |    16 |    17 |    65 |     1 |     4 |    22 ||   132
       Headbutt          |       |       |       |    31 |       |       |       |   239 |   202 ||   472
       Spear             |       |       |       |    10 |       |       |       |       |       ||    10
       Demon trident     |       |       |       |       |  1149 |  1654 |  1519 |  1792 |  3255 ||  9369
       Unarmed           |       |       |       |       |       |       |       |       |     1 ||     1
Throw: Javelin           |       |       |       |     7 |     4 |    11 |    44 |     6 |    15 ||    87
 Cast: Ensorcelled Hiber |       |       |       |       |       |       |       |       |     3 ||     3
       Blink             |       |       |       |       |       |       |       |       |    22 ||    22
Invok: Shadow Step       |       |       |       |       |     1 |       |       |       |       ||     1
       Shadow Form       |       |       |       |       |       |       |     1 |       |     3 ||     4
 Abil: Stop Flying       |       |       |       |     1 |     1 |       |       |     1 |       ||     3
       Evoke Flight      |       |       |       |       |     1 |       |       |     1 |       ||     2
       Blink             |       |       |       |       |       |       |     4 |       |       ||     4
Evoke: Wand              |       |       |       |       |     6 |       |     2 |     1 |    14 ||    23
  Use: Scroll            |       |       |     7 |    14 |    21 |    17 |    15 |     8 |    22 ||   104
       Potion            |       |       |       |     4 |     9 |       |    15 |     2 |     3 ||    33
 Stab: Sleeping          |     2 |     5 |     4 |    35 |    56 |    40 |    49 |    61 |    18 ||   270
       Distracted        |       |     1 |     2 |     6 |    21 |    26 |    20 |    14 |    86 ||   176
       Petrifying        |       |       |       |       |       |     3 |       |       |     1 ||     4
       Petrified         |       |       |       |       |       |     2 |       |       |     4 ||     6
       Invisible         |       |       |       |       |       |       |       |       |    22 ||    22
  Eat: Chunk             |       |     7 |    10 |    25 |    29 |    24 |     8 |    90 |    94 ||   287
       Pizza             |       |     1 |       |       |       |     1 |       |     1 |     1 ||     4
       Fruit             |       |       |     2 |       |    16 |    10 |     1 |     7 |       ||    36
       Beef jerky        |       |       |       |     2 |     3 |     2 |       |     1 |     3 ||    11
       Meat ration       |       |       |       |       |     2 |     2 |     2 |     2 |     2 ||    10
       Bread ration      |       |       |       |       |     1 |     1 |     6 |       |     3 ||    11
       Royal jelly       |       |       |       |       |       |       |     1 |       |       ||     1
Armor: Leather armour    |    25 |    40 |    60 |    24 |     2 |       |       |       |       ||   151
       Ring mail         |       |    26 |     2 |       |     1 |       |       |       |       ||    29
       Robe              |       |       |       |    21 |    19 |       |       |       |       ||    40
       Fire dragon scale |       |       |       |       |   117 |   156 |   108 |   174 |   379 ||   934
       Ice dragon scales |       |       |       |       |       |       |    73 |       |       ||    73
Dodge: Dodged            |    72 |   178 |   235 |   251 |   515 |   540 |   436 |   546 |  1263 ||  4036
Block: Large shield      |       |       |       |   375 |   312 |       |       |       |       ||   687
       Shield            |       |       |       |       |   312 |   660 |   536 |   690 |  1597 ||  3795
       Reflection        |       |       |       |       |       |       |       |    31 |    60 ||    91
